 Dungeon Crawl Stone Soup version 0.23-b1-84-g6588a6b (webtiles) character file.

Game seed: 12130272045240401023

53 Fang the Skirmisher (level 3, 0/24 HPs)
             Began as a Gargoyle Berserker on Feb 8, 2019.
             Was a Believer of Trog.
             Slain by a worm (7 damage)
             ... on level 2 of the Dungeon.
             The game lasted 00:01:41 (1163 turns).

Fang the Skirmisher (Gargoyle Berserker)            Turns: 1163, Time: 00:01:42

Health: 0/24       AC:  5    Str: 21    XL:     3   Next: 87%
Magic:  3/3        EV: 12    Int:  7    God:    Trog [**....]
Gold:   185        SH:  0    Dex:  9    Spells: 2/2 levels left

rFire    . . .     SeeInvis .   a - +0 hand axe
rCold    . . .     Gourm    .   (no shield)
rNeg     + . .     Faith    .   b - +0 animal skin
rPois    ∞         Spirit   .   (no helmet)
rElec    +         Reflect  .   (no cloak)
rCorr    .         Harm     .   (no gloves)
MR       .....                  (no boots)
Stlth    +.........             (no amulet)
HPRegen  0.08/turn              (no ring)
MPRegen  0.08/turn              (no ring)

@: no status effects
A: negative energy resistance 1, electricity resistance, unbreathing,
petrification resistance, rot immunity, AC +3
a: Berserk, Trog's Hand, Renounce Religion


You were on level 2 of the Dungeon.
You worshipped Trog.
Trog was pleased with you.
You were not hungry.

You visited 1 branch of the dungeon, and saw 2 of its levels.

You collected 185 gold pieces.

Inventory:

Hand Weapons
 a - a +0 hand axe (weapon)
Armour
 b - a +0 animal skin (worn)
Wands
 n - a wand of digging (5)
Scrolls
 d - a scroll of blinking {unknown}
 f - a scroll of random uselessness {unknown}
 g - 3 scrolls of fear {unknown}
 j - a scroll of magic mapping {unknown}
 l - a scroll of amnesia {unknown}
 o - a scroll of identify {unknown}
Potions
 e - a potion of invisibility {unknown}
 h - a potion of curing {unknown}
 i - a potion of lignification {unknown}
 m - a potion of haste {unknown}
 p - a potion of degeneration {unknown}
 q - a potion of cancellation {unknown}
 r - a potion of berserk rage {unknown}
Comestibles
 c - 2 rations
 k - 7 chunks of flesh


   Skills:
 + Level 3.8 Fighting
 + Level 3.1 Axes
 + Level 2.9 Armour
 + Level 2.1 Dodging


You had 2 spell levels left.
You didn't know any spells.
Your spell library was empty.

Dungeon Overview and Level Annotations

Branches:
Dungeon (2/15)

Altars:


Innate Abilities, Weirdness & Mutations

You are resistant to torment.
Your stone body is resilient. (AC +3)
You are immune to poison.
You resist negative energy. (rN+)
You are resistant to electric shocks. (rElec)
You can survive without breathing.
You are immune to petrification.
You are immune to rotting.


Message History

You are too injured to fight recklessly!
You are too injured to fight recklessly!
You are too injured to fight recklessly!
You are too injured to fight recklessly!
You are too injured to fight recklessly!
You are too injured to fight recklessly!
You are too injured to fight recklessly!
You are too injured to fight recklessly!
You are too injured to fight recklessly!
You are too injured to fight recklessly!
You barely miss the worm.
The worm is moderately wounded.
The worm bites you.
* * * LOW HITPOINT WARNING * * *
You hit the worm but do no damage.
The worm is moderately wounded.
You hit the worm.
The worm is heavily wounded.
The worm bites you!
You die...

.## .# #.........#
..###..#### #.#
#.........#
...<....... #.#
#>......###
.####..###. #.#
#.#........
.####..... #.#
#.####.####
............ #.# #.#
#.#
.#####.###.#.###.#
#.# #.# .#
...?....######.# #.#
.# #.....w@.†...?.#
#.# ##
############.......).
# ########## # #


You could see a worm.

Vanquished Creatures
  2 adders (D:2)
  A dart slug (D:2)
  3 ball pythons
  A giant cockroach (D:1)
  6 goblins
  4 hobgoblins
  5 bats
  3 frilled lizards
  2 kobolds
  4 rats
31 creatures vanquished.

Notes
Turn   | Place    | Note
-------+----------+-------------------------------------------
     0 | D:1      | Fang the Gargoyle Berserker began the quest for the Orb.
     0 | D:1      | Reached XP level 1. HP: 14/14 MP: 1/1
    97 | D:1      | Reached XP level 2. HP: 19/19 MP: 2/2
   865 | D:2      | Reached XP level 3. HP: 21/24 MP: 3/3
  1086 | D:2      | Reached ** piety under Trog
  1163 | D:2      | Slain by a worm

Skill      XL: |  1  2 |
---------------+-------+-----
Axes           | 3 |  3.1
Dodging        | 2 |  2.1
Fighting       | |  3.8
Armour         | |  2.9

Action                   || total
-------------------------++-------
Melee: Hand axe          ||   108
 Stab: Sleeping          ||     1
  Eat: Chunk             ||     1
Armor: Animal skin       ||    33
Dodge: Dodged            ||    68
